 Dungeon Crawl Stone Soup version 0.26-a0-846-gcc8f1ee719 (webtiles) character file.

Game seed: 10521166313375164964

2439 leviel the Ruffian (level 9, -13/56 HPs)
             Began as a Gargoyle Monk on Nov 19, 2020.
             Was a Believer of Makhleb.
             Mangled by an orc warrior
             ... wielding a +0 glaive
              (19 damage)
             ... on level 7 of the Dungeon.
             The game lasted 00:27:09 (9265 turns).

leviel the Ruffian (Gargoyle Monk)                  Turns: 9265, Time: 00:27:11

Health: -13/56     AC: 14    Str: 16    XL:     9   Next: 49%
Magic:  9/9        EV: 14    Int: 11    God:    Makhleb [**....]
Gold:   558        SH:  0    Dex: 14    Spells: 8/8 levels left

rFire    + . .     SeeInvis .   u - +0 great mace
rCold    . . .     Faith    +   (shield currently unavailable)
rNeg     + . .     Spirit   .   h - +2 leather armour {rF+}
rPois    ∞         Reflect  .   j - +0 helmet
rElec    +         Harm     .   y - +0 cloak
rCorr    .         Rampage  .   (no gloves)
MR       ++...                  (no boots)
Stlth    ++++......             m - amulet of faith
HPRegen  0.00/turn              e - ring of stealth
MPRegen  0.11/turn              n - ring of protection from magic

@: marked
A: magic resistance 1, negative energy resistance 1, sense surroundings 1,
electricity resistance, inhibited regeneration, unbreathing, petrification
resistance, rot immunity, AC +6
a: Minor Destruction, Renounce Religion


You were on level 7 of the Dungeon.
You worshipped Makhleb.
Makhleb was pleased with you.
You visited 2 branches of the dungeon, and saw 8 of its levels.

You collected 558 gold pieces.

Inventory:

Hand Weapons
 i - a +0 mace
 k - a +0 hunting sling of freezing
 u - a +0 great mace (weapon)
 x - a +2 whip of freezing
Missiles
 a - 49 sling bullets
Armour
 h - a +2 leather armour of fire resistance (worn)
 j - a +0 helmet (worn)
 y - a +0 cloak (worn)
Jewellery
 e - a ring of stealth (left hand)
 m - an amulet of faith (around neck)
 n - a ring of protection from magic (right hand)
Wands
 o - a wand of flame (29)
 v - a wand of iceblast (3)
Scrolls
 b - 5 scrolls of remove curse
 d - a scroll of magic mapping {unknown}
 f - 2 scrolls of enchant weapon {unknown}
 l - 5 scrolls of amnesia
 q - 3 scrolls of enchant armour {unknown}
 t - a scroll of identify
 z - a scroll of fear
Potions
 c - 2 potions of lignification
 g - 2 potions of mutation
 r - 2 potions of heal wounds {unknown}
 s - a potion of curing {unknown}
 w - a potion of ambrosia {unknown}


   Skills:
 + Level 6.6 Fighting
 + Level 3.6 Maces & Flails
 - Level 0.4 Slings
 + Level 5.1 Armour
 + Level 5.0 Dodging
 + Level 6.2 Stealth
 + Level 6.7 Unarmed Combat


You had 8 spell levels left.
You didn't know any spells.
Your spell library contained the following spells:

 Spells                   Type           Power        Failure   Level
 Shock                    Conj/Air       #...         38%         1
 Summon Small Mammal      Summ           #...         38%         1
 Call Imp                 Summ           #.......     54%         2
 Swiftness                Air            #.......     54%         2
 Call Canine Familiar     Summ           #.......     77%         3
 Static Discharge         Conj/Air       #.......     77%         3
 Summon Guardian Golem    Hex/Summ       #.......     77%         3
 Airstrike                Air            #.........   99%         4
 Summon Ice Beast         Ice/Summ       #.......     99%         4
 Summon Lightning Spire   Summ/Air       #.......     99%         4
 Lightning Bolt           Conj/Air       #.........   100%        5


Dungeon Overview and Level Annotations

Branches:
Dungeon (7/15)             Temple (1/1) D:6

Altars:
Elyvilon
Fedhas
Gozag
Hepliaklqana
Kikubaaqudgha
Makhleb
Okawaru
Qazlal
Ru
Trog
Uskayaw
Vehumet
Xom
Zin
The Shining One


Innate Abilities, Weirdness & Mutations

You are resistant to torment.
Your stone body is resilient. (AC +6)
You are immune to poison.
You resist negative energy. (rN+)
You are resistant to electric shocks. (rElec)
You can survive without breathing.
You are immune to petrification.
You are immune to rotting.
You are resistant to hostile enchantments. (MR+)
You passively map a small area around you.
You do not regenerate when monsters are visible.


Message History

The orc warrior is severely wounded.
The acid splashes onto the orc!
The orc is splashed with acid.
The acid corrodes the orc!
The orc warrior closely misses you.
Press: ? - help, Shift-Dir - straight line, f/p - orc warrior
Aim: an orc warrior, wielding a +0 glaive and wearing a +0 plate armour (severely wounded)
The stone arrow hits the orc warrior but does no damage.
The orc warrior is severely wounded.
The orc warrior barely misses you.
The orc warrior hits you with a +0 glaive!
* * * LOW HITPOINT WARNING * * *
Things that are here:
a +0 dagger; a +0 robe; an orc corpse You barely miss the orc warrior.
The orc warrior is severely wounded.
The orc warrior hits you with a +0 glaive.
* * * LOW HITPOINT WARNING * * *
You closely miss the orc warrior.
The orc warrior is severely wounded.
The orc warrior hits you with a +0 glaive!!
You die...

, .. , #)# * #.# #)# #.#
*### ** * #.# *#yyy. , ,
, ##.####yyy#* *** *
##..†@ooo# ######*
##...###### #....# #.<.##
####....# #...# #.......#
##.### ##..###### #..#
##...#
####..##########....####*
#..............(......(..
####...########.##.######


You could see an orc warrior, 6 killer bees and 2 orcs.

Vanquished Creatures
  Pikel (D:6)
  Prince Ribbit (D:7)
  Menkaure (D:6)
  2 sky beasts
  A black bear (D:7)
  An orc warrior (D:7)
  A phantom (D:6)
  A centaur (D:7)
  A gnoll sergeant (D:5)
  A bullfrog (D:7)
  2 water moccasin zombies
  3 scorpions
  A water moccasin skeleton (D:4)
  A bullfrog zombie (D:7)
  An orc priest (D:3)
  3 hounds
  A jelly (D:6)
  2 bullfrog skeletons
  4 orc wizards
  4 worker ants
  2 hound skeletons
  4 gnolls (D:5)
  9 adders
  A shadow imp (D:6)
  3 white imps
  An ufetubus (D:4)
  An ooze (D:1)
  An adder skeleton (D:4)
  A worm (D:4)
  2 dart slugs (D:1)
  8 leopard geckos
  14 orcs
  9 bats
  2 giant cockroaches
  6 goblins
  8 hobgoblins
  7 jackals
  7 quokkas
  A ball python (D:2)
  2 frilled lizards
  5 kobolds
  2 leopard gecko skeletons (D:4)
  A quokka skeleton (D:4)
  5 rats
135 creatures vanquished.

Vanquished Creatures (others)
  7 plants (D:1)
7 creatures vanquished.

Grand Total: 142 creatures vanquished

Notes
Turn   | Place    | Note
-------+----------+-------------------------------------------
     0 | D:1      | leviel the Gargoyle Monk began the quest for the Orb.
     0 | D:1      | Reached XP level 1. HP: 14/14 MP: 1/1
   325 | D:1      | Reached XP level 2. HP: 19/19 MP: 2/2
   727 | D:1      | Reached XP level 3. HP: 19/23 MP: 3/3
  1681 | D:2      | Reached XP level 4. HP: 29/29 MP: 4/4
  1734 | D:2      | Found an iron altar of Okawaru.
  2770 | D:3      | Gained mutation: You do not regenerate when monsters are
                  | visible. [potion of mutation]
  2770 | D:3      | Gained mutation: You passively map a small area around you.
                  | [potion of mutation]
  2770 | D:3      | Gained mutation: You are resistant to hostile enchantments.
                  | (MR+) [potion of mutation]
  2998 | D:3      | Reached XP level 5. HP: 13/33 MP: 5/5
  3774 | D:4      | Reached skill level 1 in Maces & Flails
  4022 | D:4      | Reached skill level 1 in Armour
  4038 | D:4      | Reached XP level 6. HP: 31/38 MP: 6/6
  4361 | D:4      | Found an opulent altar of Gozag.
  4806 | D:4      | Reached skill level 5 in Unarmed Combat
  5026 | D:4      | Reached XP level 7. HP: 22/44 MP: 7/7
  5779 | D:5      | Entered Level 5 of the Dungeon
  5799 | D:5      | Reached skill level 5 in Fighting
  6092 | D:5      | Found a glowing golden altar of the Shining One.
  6574 | D:5      | Reached XP level 8. HP: 22/49 MP: 8/8
  7162 | D:6      | Noticed Pikel
  7191 | D:6      | Killed Pikel
  7192 | D:6      | Reached skill level 5 in Stealth
  7387 | D:6      | Found a staircase to the Ecumenical Temple.
  7460 | D:6      | Noticed Menkaure
  7466 | D:6      | Killed Menkaure
  7750 | Temple   | Entered the Ecumenical Temple
  7898 | Temple   | Became a worshipper of Makhleb the Destroyer
  7898 | Temple   | Reached * piety under Makhleb
  7898 | Temple   | Reached ** piety under Makhleb
  8024 | D:6      | Reached XP level 9. HP: 46/55 MP: 9/9
  8182 | D:7      | Noticed Prince Ribbit
  8498 | D:7      | Killed Prince Ribbit
  8870 | D:7      | Found a bloodstained altar of Trog.
  8880 | D:7      | Found a hide-covered altar of Uskayaw.
  8971 | D:7      | Reached skill level 5 in Armour
  8974 | D:7      | Reached skill level 5 in Dodging
  9265 | D:7      | Mangled by an orc warrior

Illustrated notes

Levels and vault maps discovered:
D:1:      saegor_arrival_simple_b, layout_basic, serial_bayou_pond_c,
          minmay_tall_x
D:2:      layout_loops_ring, lemuel_crystal_altar, serial_forest,
          infiniplex_forest_clump_large, infiniplex_forest_lined_corner,
          infiniplex_forest_lined_2, infiniplex_forest_end_2, minivault_14
D:3:      layout_loops_corners
D:4:      minmay_angry_zag, layout_basic,
          nicolae_gozag_cash_rules_everything_around_me, hangedman_decor_push
D:5:      layout_basic, kennysheep_little_box, small_statue_intersection,
          lightli_minifort
D:6:      layout_layer_cave, minmay_temple_entry_glassed_door, uniq_menkaure,
          uniq_pikel
D:7:      layout_rooms, grunt_temple_overflow_open,
          amethyst_overflow_temple_binary, uniq_prince_ribbit1
Temple:   zaba_magenta_temple

Skill      XL: |  1  2  3  4  5  6  7  8  9 |
---------------+----------------------------+-----
Unarmed Combat | 4 5 6 |  6.7
Dodging        | 3 4 5 |  5.0
Fighting       | 4 5 6 |  6.6
Maces & Flails | 1 2 3 |  3.6
Armour         | 1 2 3 4 5 |  5.1
Stealth        | 3 4 5 6 |  6.2
Slings         | |  0.4

Action                   |  1- 3 |  4- 6 |  7- 9 || total
-------------------------+-------+-------+-------++-------
Melee: Unarmed           |   147 |    44 |       ||   191
       Punch             |     4 |     7 |     1 ||    12
       Mace              |       |   215 |   120 ||   335
       Great mace        |       |       |   170 ||   170
 Fire: Hunting sling     |       |    22 |       ||    22
Invok: Minor Destruction |       |       |     4 ||     4
  Use: Scroll            |     1 |     9 |     1 ||    11
       Potion            |       |     8 |     3 ||    11
 Stab: Sleeping          |       |     7 |     8 ||    15
Armor: Robe              |    56 |     6 |       ||    62
       Leather armour    |       |   137 |   178 ||   315
       Skin              |       |     2 |    19 ||    21
Dodge: Dodged            |   115 |   218 |   271 ||   604

Table legend: (Time is in decaauts)
 A = Elapsed time spent in this place.
 B = Non-inter-level travel time spent in this place.
 C = Inter-level travel time spent in this place.
 D = Time resting spent in this place.
 E = Time spent auto-exploring this place.
 F = Levels seen in this place.
 G = Mean time per level.
                   A        B        C        D        E       F      G
               +--------+--------+--------+--------+--------+-----+--------+
         Total |   9485 |   9241 |    244 |   2455 |   4995 |   8 | 1185.6 |
       Dungeon |   9323 |   9079 |    244 |   2455 |   4938 |   7 | 1331.9 |
        Temple |    161 |    161 |      0 |      0 |     57 |   1 |  161.0 |
               +--------+--------+--------+--------+--------+-----+--------+

Top non-repeatable levels by time:
     D:4: 2220 daAuts
     D:6: 1552 daAuts
     D:1: 1531 daAuts
     D:3: 1317 daAuts
     D:5: 1009 daAuts
     D:7: 886 daAuts
     D:2: 806 daAuts
  Temple: 161 daAuts
